Map: 킹스 코브 - 래더

Players

goblin

  • Race: Protoss Protoss
  • Spawn Location: 11:00

Trap - Winner!

  • Race: Protoss Protoss
  • Spawn Location: 5:00

Event: IEM Season 13: Katowice (2019)

VOD

Have the link to the VOD?

Description

Time

  • Played on: Feb. 25, 2019, 9:10 a.m.
  • Length: 15:37

All games in this series

Show
View Real Time Build Order
Export as new Build Order

goblin Protoss 

Build Orders: Phoenix Opening 

Get SALT Encoding   

  12  0:00  Probe  
  13  0:12  Probe  
  14  0:17  Pylon  
  14  0:23  Probe  
  15  0:31  Probe  
  15  0:38  Gateway  
  15  0:40  Probe  
  16  0:46  Assimilator  
  17  0:50  Probe  
  17  0:55  Assimilator  
  18  0:58  Probe  
  19  1:06  Probe  
  20  1:13  Gateway  
  20  1:17  Probe  
  21  1:26  Cybernetics Core  
  21  1:29  Probe  
  22  1:36  Pylon  
  22  1:41  Probe  
  24  2:02  Warp Gate, Stalker x2  
  28  2:13  Pylon  
  27  2:20  Stargate  
  27  2:27  Probe  
  28  2:36  Stalker  
  30  2:38  Stalker  
  32  2:48  Probe  
  33  2:57  Phoenix  
  34  3:17  Nexus  
  34  3:23  Phoenix  
  36  3:40  Phoenix  
  36  3:46  Pylon  
  38  3:57  Probe  
  38  4:01  Shield Battery  
  39  4:06  Phoenix  
  41  4:12  Stalker  
  43  4:19  Pylon  
  43  4:21  Zealot  
  45  4:41  Stalker, Shield Battery  
  45  4:44  Zealot  
  49  4:54  Shield Battery  
  49  5:02  Zealot, Stalker  
  55  5:21  Probe x2  
  55  5:22  Zealot  
  55  5:24  Pylon  
  55  5:25  Sentry  
  59  5:35  Probe x2  
  61  5:37  Shield Battery  
  61  5:39  Shield Battery  
  61  5:45  Sentry  
  61  5:48  Robotics Facility  
  63  6:03  Pylon  
  63  6:10  Probe  
  63  6:11  Sentry, Shield Battery  
  66  6:21  Stalker  
  68  6:30  Observer  
  67  6:38  Probe  
  67  6:39  Probe  
  70  6:46  Probe, Stalker  
  72  6:50  Forge  
  72  6:51  Probe  
  72  6:52  Twilight Council  
  74  6:56  Immortal  
  78  7:09  Protoss Ground Weapons Level 1  
  78  7:12  Pylon  
  78  7:14  Pylon  
  78  7:28  Probe  
  78  7:30  Probe  
  80  7:37  Observer  
  80  7:48  Warp Prism  
  80  7:50  Probe x2  
  82  8:02  Gateway  
  82  8:03  Gateway  
  82  8:06  Pylon  
  82  8:12  Charge  
  82  8:17  Zealot x2  
  82  8:19  Assimilator  
  86  8:20  Assimilator  
  86  8:24  Observer  
  87  8:32  Probe x2  
  89  8:45  Probe x2  
  89  8:47  Immortal  
  95  8:57  Zealot  
  95  8:58  Zealot x2  
  101  9:04  Pylon  
  85  9:18  Immortal, Probe  
  85  9:19  Probe  
  81  9:29  Observer, Templar Archives  
  85  9:35  Zealot x4  
  86  10:03  Probe x2  
  86  10:07  High Templar x2  
  92  10:11  Zealot x2, Archon  
  96  10:15  Gateway  
  96  10:19  Gateway  
  96  10:37  High Templar x2  
  96  10:39  Zealot x2  
  96  10:42  Archon  
  100  10:55  Immortal  
  79  11:02  Zealot x2  
  72  11:09  Pylon  
  78  11:11  High Templar  
  78  11:12  Zealot, High Templar  
  78  11:16  Archon  
  82  11:23  Zealot x3  
  88  11:36  Pylon  
  88  11:48  Stalker, Protoss Ground Weapons Level 2  
  88  11:50  Stalker  
  88  11:51  Photon Cannon  
  92  11:58  High Templar x2  
  92  11:59  Zealot x2  
  100  12:06  Archon  
  100  12:28  Zealot x4  
  84  12:44  Zealot x2  
  84  12:45  Zealot x4  
  86  12:55  Immortal  
  69  13:13  Zealot x4, High Templar x2  
  69  13:18  Archon  
  81  13:24  Probe x2  
  81  13:25  Immortal  
  87  13:46  High Templar x2  
  91  13:52  Zealot x2  
  91  13:54  Archon  
  91  13:55  Zealot x2  
  99  14:13  High Templar x2  
  103  14:18  Archon  
  103  14:26  Zealot x2, High Templar x2  
  103  14:28  Pylon  
  111  14:32  Archon  
  111  14:40  Pylon  
  111  14:47  Zealot  
  111  14:48  Zealot x3  
  119  15:06  Zealot x4  
  103  15:09  Zealot  
  103  15:10  Zealot  
Show
View Real Time Build Order
Export as new Build Order

Trap Protoss - Winner!

Build Orders:  

Get SALT Encoding   

  12  0:00  Probe  
  13  0:12  Probe  
  14  0:18  Pylon  
  14  0:24  Probe  
  15  0:32  Probe  
  15  0:37  Gateway  
  15  0:40  Probe  
  16  0:47  Assimilator  
  17  0:50  Probe  
  18  0:59  Probe  
  18  1:01  Assimilator  
  19  1:07  Probe  
  20  1:14  Gateway  
  20  1:17  Probe  
  21  1:25  Cybernetics Core  
  21  1:29  Probe  
  22  1:36  Pylon  
  22  1:41  Probe  
  23  1:54  Warp Gate, Probe  
  24  2:01  Stalker  
  24  2:02  Stalker  
  28  2:12  Pylon  
  28  2:31  Adept  
  28  2:32  Adept  
  28  2:36  Gateway  
  32  2:52  Robotics Facility  
  32  3:01  Stalker x2  
  36  3:11  Pylon  
  34  3:36  Warp Prism  
  32  3:42  Stalker x3  
  38  4:10  Stalker x2  
  38  4:11  Stalker  
  38  4:14  Observer  
  45  4:21  Pylon  
  45  4:40  Stalker x2  
  45  4:41  Sentry  
  49  4:58  Twilight Council  
  49  5:21  Pylon  
  49  5:24  Nexus  
  49  5:40  Dark Shrine, Probe  
  49  5:48  Probe  
  49  5:56  Probe  
  45  6:07  Probe  
  45  6:11  Observer  
  45  6:19  Probe  
  45  6:23  Observer  
  46  6:30  Probe  
  47  6:36  Probe  
  47  6:38  Probe  
  47  6:45  Probe  
  47  6:46  Probe  
  49  6:52  Dark Templar x3  
  57  6:55  Probe  
  58  7:03  Probe  
  58  7:07  Probe  
  60  7:14  Pylon  
  60  7:18  Probe  
  60  7:19  Charge  
  60  7:20  Probe  
  62  7:25  Dark Templar x2  
  62  7:26  Probe  
  66  7:35  Probe  
  67  7:37  Probe  
  67  7:45  Probe  
  67  7:50  Probe  
  67  7:53  Probe  
  67  7:58  Gateway  
  68  7:59  Gateway  
  68  8:02  Probe  
  68  8:03  Gateway  
  68  8:04  Probe  
  69  8:09  Sentry x2  
  74  8:14  Probe  
  74  8:17  Gateway  
  74  8:19  Pylon  
  75  8:23  Pylon  
  75  8:36  Archon  
  75  8:37  Probe, Archon  
  75  8:38  Zealot x3  
  76  8:46  Pylon  
  76  8:48  Pylon  
  76  8:56  Dark Templar  
  76  8:58  Zealot x2  
  82  9:06  Zealot x2  
  82  9:09  Warp Prism  
  81  9:10  Dark Templar  
  75  9:19  Probe  
  77  9:26  Probe  
  77  9:27  Probe  
  76  9:34  Forge  
  77  9:38  Probe  
  77  9:40  Probe  
  79  9:51  Probe  
  79  9:52  Probe  
  77  10:03  Probe  
  78  10:08  Dark Templar x2  
  78  10:09  Zealot x4  
  78  10:10  Protoss Ground Weapons Level 1  
  78  10:13  Zealot  
  91  10:14  Archon  
  91  10:35  Sentry, Zealot x3  
  99  10:37  Zealot, Warp Prism  
  99  10:41  Zealot  
  73  11:05  Probe  
  73  11:07  Probe, Assimilator x2  
  75  11:17  Probe  
  76  11:19  Probe  
  81  11:25  Immortal  
  81  11:37  Dark Templar x2, Zealot x3  
  91  11:40  Shield Battery  
  91  11:41  Archon  
  91  11:48  Protoss Ground Weapons Level 2  
  91  11:49  Shield Battery x2  
  91  12:08  Immortal  
  94  12:16  Dark Templar  
  94  12:22  Zealot x2  
  100  12:35  Zealot x3  
  106  12:43  Zealot  
  104  12:46  Zealot  
  104  12:51  Zealot  
  90  13:04  Observer  
  89  13:19  Nexus  
  89  13:21  Templar Archives  
  89  13:30  Immortal  
  93  13:43  Probe x2  
  93  13:47  Pylon  
  95  13:59  High Templar x2  
  95  14:00  High Templar x2  
  95  14:02  Immortal  
  103  14:07  Archon x2  
  103  14:09  Pylon  
  107  14:11  Pylon  
  107  14:16  Zealot  
  109  14:20  High Templar  
  110  14:27  High Templar  
  112  14:32  Pylon  
  112  14:33  Zealot x3  
  112  14:35  Zealot  
  120  14:39  Observer  
  120  14:45  Pylon  
  121  14:48  Archon  
  119  14:52  Zealot  
  119  14:53  Zealot x2  
  119  14:56  High Templar x2  
  129  15:01  Archon  
  115  15:11  Zealot x2  
  119  15:14  Zealot x2  
  117  15:22  Zealot  

Tags
 
Add a new tag
Caveats
  • Supply blocks, unpowered buildings, or Contaminate may cause inaccurate times.
  • Supply counts are checked every 10 seconds.